 Dungeon Crawl Stone Soup version 0.25.0-3-gd7cc5688da (webtiles) character file.

Game seed: 14118070591318412440

90 MisterFreud the Skirmisher (level 4, -4/31 HPs)
             Began as a Gargoyle Monk on June 15, 2020.
             Was a Believer of the Shining One.
             Splashed by a jelly's acid (5 damage)
             ... on level 6 of the Dungeon.
             The game lasted 00:05:48 (2536 turns).

MisterFreud the Skirmisher (Gargoyle Monk)          Turns: 2536, Time: 00:05:48

Health: -4/31      AC:  1    Str: 15    XL:     4   Next: 56%
Magic:  4/4        EV: 12    Int: 11    God:    the Shining One [**....]
Gold:   169        SH:  0    Dex: 12    Spells: 3/3 levels left

rFire    + . .     SeeInvis +   a - +0 mace
rCold    + . .     Gourm    .   (no shield)
rNeg     + + .     Faith    .   b - +0 robe
rPois    ∞         Spirit   .   (no helmet)
rElec    +         Reflect  .   l - scarf {rC+ rF+}
rCorr    .         Harm     .   (no gloves)
MR       .....                  (no boots)
Stlth    +.........             (no amulet)
HPRegen  0.10/turn              g - ring of see invisible
MPRegen  0.09/turn              (no ring)

@: corroded, flying, glowing
A: negative energy resistance 1, electricity resistance, unbreathing,
petrification resistance, rot immunity, AC +3
a: Divine Shield, Renounce Religion


You were on level 6 of the Dungeon.
You worshipped the Shining One.
The Shining One was pleased with you.
You were not hungry.

You visited 1 branch of the dungeon, and saw 4 of its levels.

You collected 169 gold pieces.

Inventory:

Hand Weapons
 a - a +0 mace (weapon)
Missiles
 p - 3 poisoned darts (quivered)
Armour
 b - a +0 robe (worn)
 l - a scarf of resistance (worn)
Jewellery
 e - an uncursed ring of ice
 g - a ring of see invisible (left hand)
Scrolls
 d - 2 scrolls of magic mapping {unknown}
 f - 2 scrolls of identify {unknown}
 i - a scroll of immolation {unknown}
 j - a scroll of fog {unknown}
 k - 3 scrolls of enchant armour {unknown}
 n - a scroll of remove curse {unknown}
Potions
 h - a potion of magic
Comestibles
 c - 3 rations
 o - 4 chunks of flesh


   Skills:
 - Level 5.0 Fighting
 + Level 3.9 Maces & Flails
 - Level 2.4 Dodging
 - Level 2.1 Stealth


You had 3 spell levels left.
You didn't know any spells.
Your spell library was empty.

Dungeon Overview and Level Annotations

Branches:
Dungeon (3/15)

Altars:
Hepliaklqana
The Shining One


Innate Abilities, Weirdness & Mutations

You are resistant to torment.
Your stone body is resilient. (AC +3)
You are immune to poison.
You resist negative energy. (rN+)
You are resistant to electric shocks. (rElec)
You can survive without breathing.
You are immune to petrification.
You are immune to rotting.


Message History

Unknown command.
It was a potion of magic.
Magic courses through your body. The jelly closely misses you.
It was a potion of flight.
You feel very buoyant.
You fly up into the air.
The jelly closely misses you.
You hit the jelly but do no damage. The acid corrodes you!
Your hands burn!
* * * LOW HITPOINT WARNING * * *
The jelly is moderately wounded.
The howler monkey zombie hits you. The Shining One protects you from harm!
The jelly closely misses you.
You sock the jelly!
Your hands burn!
* * * LOW HITPOINT WARNING * * *
The jelly is severely wounded.
The howler monkey zombie hits you. The Shining One protects you from harm!
The jelly barely misses you.
You hit the jelly but do no damage. The acid corrodes you!
Your hands burn!
You die...

#.. #.# .# #
#.# .#.# #.#
##.#.### #.#
##...... #.#
#....># #†#
#.....
#.#######.#.#
#.....J@Z...#
#########...#
# #...#.#
#...#.#####
#..........
##....#####
##........
#########


You could see a jelly and a howler monkey zombie.

Vanquished Creatures
  2 adders
  2 oozes
  3 worms
  3 dart slugs
  A giant cockroach (D:3)
  7 goblins
  5 hobgoblins (D:2)
  4 jackals (D:3)
  4 kobolds
  7 bats
  2 frilled lizards (D:1)
  7 rats
47 creatures vanquished.

Notes
Turn   | Place    | Note
-------+----------+-------------------------------------------
     0 | D:1      | MisterFreud the Gargoyle Monk began the quest for the Orb.
     0 | D:1      | Reached XP level 1. HP: 14/14 MP: 1/1
    77 | D:1      | Reached XP level 2. HP: 14/20 MP: 2/2
   287 | D:1      | Reached skill level 4 in Fighting
   961 | D:2      | Found a hazy altar of Hepliaklqana.
  1280 | D:1      | Reached XP level 3. HP: 21/24 MP: 3/3
  1693 | D:2      | Reached skill level 5 in Fighting
  1946 | D:2      | Reached XP level 4. HP: 30/31 MP: 4/4
  2401 | D:3      | Found a glowing golden altar of the Shining One.
  2446 | D:3      | Became a worshipper of the Shining One
  2446 | D:3      | Reached * piety under the Shining One
  2446 | D:3      | Reached ** piety under the Shining One
  2502 | D:3      | You fall into a shaft and drop 3 floors!
  2534 | D:6      | The Shining One protects you from harm!
  2535 | D:6      | HP: 1/31 [acid (2)]
  2535 | D:6      | The Shining One protects you from harm!
  2536 | D:6      | Splashed by a jelly's acid

Illustrated notes

Levels and vault maps discovered:
D:1:      dpeg_arrival_round_b, layout_loops_ring
D:2:      layout_rooms, lemuel_crystal_altar, first_ration
D:3:      layout_basic, solitary_fountain, chequers_garden, tso_metal_star
D:6:      layout_loops_ring, vehumet_statue, trog_book, uniq_blork_the_orc

Skill      XL: |  1  2  3 |
---------------+----------+-----
Fighting       | 4 5 |  5.0
Maces & Flails | |  3.9
Dodging        | |  2.4
Stealth        | |  2.1

Action                   |  1- 3 |  4- 6 || total
-------------------------+-------+-------++-------
Melee: Mace              |   121 |    50 ||   171
  Use: Potion            |       |     2 ||     2
 Stab: Sleeping          |     3 |     1 ||     4
  Eat: Chunk             |     3 |     2 ||     5
Armor: Robe              |    40 |    26 ||    66
Dodge: Dodged            |    66 |    54 ||   120
